Map: Fracture LE

Players

HeatedStove

  • Race: Zerg Zerg
  • League: Master
  • Spawn Location: 5:00

RexRequired

  • Race: Zerg Zerg
  • League: Master
  • Spawn Location: 11:00

PhysicsNoob

  • Race: Terran Terran
  • League: Diamond

VOD

Have the link to the VOD?

Description

Time

  • Played on: Oct. 1, 2018, 11:27 p.m.
  • Length: 6:37
Show
View Real Time Build Order
Export as new Build Order

HeatedStove Zerg 

Build Orders: Hatch First 

Get SALT Encoding   

  12  0:00  Drone  
  13  0:14  Overlord  
  13  0:17  Drone  
  14  0:32  Drone x2  
  16  0:37  Drone  
  17  0:54  Hatchery  
  17  0:57  Drone  
  17  0:58  Drone  
  18  1:10  Extractor  
  17  1:14  Spawning Pool  
  17  1:17  Drone  
  17  1:20  Drone  
  18  1:29  Drone  
  19  1:42  Overlord  
  19  1:57  Drone  
  20  2:02  Queen  
  20  2:06  Queen  
  20  2:07  Zergling x4  
  26  2:15  Metabolic Boost  
  26  2:17  Drone x2  
  28  2:30  Drone x2  
  30  2:39  Hatchery  
  30  2:43  Queen  
  31  2:48  Drone  
  32  2:51  Overlord  
  32  3:02  Drone x4  
  36  3:17  Drone x4  
  36  3:19  Extractor  
  39  3:23  Spore Crawler  
  40  3:28  Overlord  
  40  3:29  Queen x2  
  44  3:45  Overlord  
  44  3:47  Drone  
  44  3:48  Drone x2  
  47  3:51  Drone  
  47  3:52  Drone x4  
  47  3:53  Drone  
  54  3:55  Drone  
  54  3:58  Evolution Chamber  
  53  4:14  Queen  
  55  4:22  Overlord  
  55  4:23  Queen  
  55  4:24  Queen  
  57  4:27  Zerg Ground Armor Level 1  
  57  4:28  Zergling x6  
  57  4:29  Zergling x6  
  65  4:40  Overlord x2  
  65  4:41  Zergling x10  
  70  4:47  Zergling x8  
  70  4:52  Overlord x2  
  68  5:17  Drone  
  68  5:19  Drone x6  
  75  5:32  Drone x2  
  75  5:33  Drone x7  
  74  5:43  Zergling x4  
  74  5:47  Evolution Chamber  
  72  6:00  Zergling x10  
  72  6:01  Zergling x2  
Show
View Real Time Build Order
Export as new Build Order

RexRequired Zerg 

Build Orders:  

Get SALT Encoding   

  12  0:00  SCV  
  13  0:12  SCV  
  14  0:17  Supply Depot  
  14  0:25  SCV  
  15  0:38  SCV  
  15  0:40  Barracks  
  16  0:44  Refinery  
  16  0:50  SCV  
  17  1:02  SCV  
  18  1:15  SCV  
  19  1:27  Reaper, Orbital Command  
  20  1:39  Command Center  
  20  1:50  Barracks  
  20  1:53  SCV  
  21  2:01  Barracks Reactor  
  21  2:02  Refinery  
  21  2:05  SCV  
  22  2:10  Supply Depot  
  22  2:18  SCV  
  23  2:23  Factory  
  23  2:32  SCV  
  24  2:37  Marine x2  
  24  2:38  Barracks Tech Lab  
  24  2:44  SCV  
  27  2:50  Orbital Command  
  27  2:55  Marine x2  
  27  2:56  SCV  
  27  2:58  Marine  
  30  3:04  Stimpack  
  31  3:14  Starport, Marine  
  31  3:16  Marine  
  31  3:19  Factory Reactor  
  33  3:22  SCV  
  33  3:24  SCV  
  33  3:26  Marine  
  35  3:32  Marine  
  35  3:34  SCV, Marine  
  37  3:38  SCV, Supply Depot  
  39  3:44  Marine  
  39  3:46  SCV  
  41  3:50  SCV, Marine  
  41  3:52  Marine  
  44  3:58  SCV  
  44  4:00  Supply Depot  
  44  4:01  Marine  
  46  4:03  SCV  
  46  4:05  Medivac x2  
  46  4:08  Marine  
  52  4:10  Marine  
  52  4:12  SCV  
  54  4:20  Supply Depot  
  54  4:22  SCV, Marine  
  54  4:24  SCV, Supply Depot  
  57  4:28  Marine x2  
  59  4:32  Engineering Bay  
  59  4:34  Engineering Bay  
  59  4:35  SCV  
  60  4:41  SCV  
  60  4:44  Marine  
  62  4:45  Marine  
  62  4:46  Marine  
  62  4:47  SCV  
  65  4:53  Refinery, SCV  
  65  4:54  Supply Depot  
  66  5:03  SCV  
  66  5:05  Combat Shields  
  66  5:06  SCV  
  68  5:15  SCV  
  68  5:17  Marine x3, Supply Depot  
  68  5:18  SCV  
  73  5:26  Command Center  
  73  5:33  Medivac x2  
  79  5:35  Widow Mine  
  78  5:51  Marine x2  
  75  6:04  Widow Mine  
  75  6:06  Marine  
  75  6:08  SCV x2  
  75  6:09  Marine x2  
  79  6:14  Refinery  
  79  6:16  Barracks  
  79  6:20  SCV x2  
  82  6:27  Barracks x2  
  82  6:28  Barracks  
  82  6:29  Armory  
Show
View Real Time Build Order
Export as new Build Order

PhysicsNoob Terran 

Build Orders:  

Get SALT Encoding   

Tags
 
Add a new tag
Caveats
  • Supply blocks, unpowered buildings, or Contaminate may cause inaccurate times.
  • Supply counts are checked every 10 seconds.